 Dungeon Crawl Stone Soup version 0.21-a0-186-g02e8684 (webtiles) character file.

205752 Helio the Imperceptible (level 18, -1/96 HPs)
             Began as a Spriggan Enchanter on Aug 13, 2017.
             Was the Champion of Dithmenos.
             Killed from afar by a frost giant (27 damage)
             ... with a bolt of cold
             ... on level 4 of the Shoals.
             The game lasted 01:48:36 (43646 turns).

Helio the Imperceptible (Spriggan Enchanter)       Turns: 43646, Time: 01:48:37

Health: -1/96      AC: 15    Str:  9    XL:     18   Next: 42%
Magic:  12/38      EV: 33    Int: 20    God:    Dithmenos [******]
Gold:   1610       SH:  4    Dex: 18    Spells: 19/48 levels left

rFire    + . .     SeeInvis +   U - +6 quick blade of Eternal Harmony {freeze, rF+ Int+2 Stlth+}
rCold    . . .     Gourm    .   (shield restricted)
rNeg     . . .     Faith    .   Q - +2 robe "Duoc" {Slay+4 Stlth+}
rPois    .         Spirit   .   Y - +2 hat {MR+}
rElec    .         Reflect  .   t - +2 cloak
rCorr    .         Harm     .   (gloves unavailable)
MR       ++++.                  (boots unavailable)
Stlth    +++++++++.             s - amulet of regeneration
HPRegen  0.66/turn              u - +4 ring of protection
MPRegen  0.26/turn              i - ring of wizardry

@: very slightly contaminated, wreathed by umbra, invisible, slow
A: unfitting armour, claws 1, large bone plates 1, thin metallic scales 1, see
invisible, blink, herbivore 3, speed 3, slow metabolism 2
a: Blink, Shadow Step, Shadow Form, Renounce Religion


You were on level 4 of the Shoals.
You worshipped Dithmenos.
Dithmenos was exalted by your worship.
You were not hungry.

You visited 7 branches of the dungeon, and saw 30 of its levels.
You visited 1 bazaar.
You also visited: Labyrinth.

You collected 3183 gold pieces.
You spent 1573 gold pieces at shops.

Inventory:

Hand Weapons
 U - the +6 quick blade of Eternal Harmony (weapon) {freeze, rF+ Int+2 Stlth+}
   (You acquired it on level 14 of the Dungeon)

   It has been specially enchanted to freeze those struck by it, causing extra
   injury to most foes and up to half again as much damage against particularly
   susceptible opponents.
   It can also slow down cold-blooded creatures.
   It affects your intelligence (+2).
   It protects you from fire.
   It makes you more stealthy.
Missiles
 g - 6 throwing nets (quivered)
Armour
 t - a +2 cloak (worn)
 v - a +2 buckler
 Q - the +2 robe "Duoc" (worn) {Slay+4 Stlth+}
   (You found it in a labyrinth)

   It affects your accuracy and damage with ranged weapons and melee attacks
   (+4).
   It makes you more stealthy.
 Y - a +2 hat of magic resistance (worn)
Jewellery
 c - an uncursed ring of poison resistance
 i - a ring of wizardry (right claw)
 s - an amulet of regeneration (around neck)
 u - a +4 ring of protection (left claw)
Wands
 b - a wand of digging (1/24)
 j - a wand of paralysis (10/24)
 y - a wand of confusion (39/48)
 D - a wand of iceblast (9/15)
 F - a wand of acid (11/15)
 K - a wand of iceblast (3/15)
 N - a wand of enslavement (16/24)
 S - a wand of digging (14/24)
Scrolls
 f - 8 scrolls of teleportation
 q - 22 scrolls of remove curse
 E - 4 scrolls of magic mapping
 I - 3 scrolls of fog
 L - 6 scrolls of identify
 M - 3 scrolls of fear
 P - 6 scrolls of recharging
 W - a scroll of silence
Potions
 a - 3 potions of ambrosia
 e - 4 potions of brilliance
 h - 14 potions of curing
 k - 2 potions of heal wounds
 l - 3 potions of might
 n - 3 potions of flight
 o - 5 potions of lignification
 p - 2 potions of agility
 r - 8 potions of haste
 w - 2 potions of berserk rage
 x - a potion of magic
 z - 2 potions of resistance
 A - a potion of invisibility
 H - 2 potions of mutation
Miscellaneous
 O - 3 phantom mirrors
Comestibles
 d - 13 bread rations


   Skills:
 + Level 11.5 Fighting
 + Level 14.1 Short Blades
 + Level 17.7 Dodging
 + Level 21.4 Stealth
 + Level 15.8 Spellcasting
 + Level 16.1 Hexes
 + Level 5.2 Charms
 - Level 3.0 Air Magic
 - Level 12.0 Evocations


You had 19 spell levels left.
You knew the following spells:

 Your Spells              Type           Power        Failure   Level  Hunger
a - Ensorcelled Hibernat  Hex/Ice        #####.       1%          2    None
b - Corona                Hex            ######.      0%          1    None
c - Confuse               Hex            ######..     0%          3    None
d - Tukima's Dance        Hex            ######..     0%          3    None
e - Dazzling Spray        Conj/Hex       #####.       1%          3    None
f - Silence               Hex/Air        ######....   1%          5    ###....
g - Deflect Missiles      Chrm/Air       ####......   38%         6    #####..
h - Invisibility          Hex            ######..     1%          6    #####..


Dungeon Overview and Level Annotations

Branches:
Dungeon (15/15)            Temple (1/1) D:6            Lair (6/6) D:9
 Shoals (4/4) Lair:3        Snake (0/4) Lair:4        Slime (0/5) Lair:5
    Orc (2/2) D:11            Elf (1/3) Orc:2        Vaults (0/5) D:14
 Depths (1/5) D:15

Altars:
Ashenzari
Cheibriados
Dithmenos
Elyvilon
Fedhas
Gozag
Hepliaklqana
Kikubaaqudgha
Makhleb
Nemelex Xobeh
Okawaru
Qazlal
Ru
Sif Muna
Trog
Uskayaw
Vehumet
Wu Jian
Xom
Yredelemnul
Zin
The Shining One
Beogh

Shops:
D:12 %=   D:15 (   Orc:1 %   Orc:2 ((*([(:**   Shoals:1 [

Portals:
Hell: Depths:1
Abyss: Depths:1
Trove: D:15 (give 15 scrolls of teleportation)

Annotations:
Shoals:4 Ilsuiw


Innate Abilities, Weirdness & Mutations

You are very small and have problems with some larger weapons.
You are too small for most types of armour.
You have supernaturally acute eyesight. (SInv)
You are a herbivore.
You cover ground extremely quickly.
You need consume almost no food.
You have sharp fingernails.
You are partially covered in large bone plates. (SH +4)
You are partially covered in thin metallic scales. (AC +2)
You can translocate small distances at will.


Message History

Press: ? - help, Shift-Dir - straight line, f - frost giant
Aim: a frost giant, wielding a battleaxe of freezing (black smoke, lightly wounded, umbra, chance to defeat MR: 30%)
The frost giant easily resists.
The frost giant points at you and mumbles some strange words.
The bolt of cold misses you.
The merfolk impaler completely misses you.
The merfolk hits you from afar with a trident!
* * * LOW HITPOINT WARNING * * *
Unknown command.
Casting: Confuse
Confirm with . or Enter, or press ? or * to list all spells.
Aiming: Confuse
Press: ? - help, Shift-Dir - straight line, f/p - frost giant
Aim: a frost giant, wielding a battleaxe of freezing (black smoke, lightly wounded, umbra, chance to defeat MR: 30%)
The frost giant easily resists.
Your shadow mimicks your spell!
The frost giant resists with almost no effort.
The frost giant casts a spell at you. The bolt of cold hits you!
You die...

,,,,,,,,,,,,,,,,,,,,,,,,,,,,≈≈≈,*
,,,,,,,,≈,,,...,,,,,,,,k...≈≈≈...
,,≈.,,,,,,,,,.≈***≈**#.....≈≈P..#
≈≈≈.,,,,,,,,,,≈###*###..≈≈≈≈PP...
≈≈≈...≈≈≈≈≈≈,,#H≈###≈##.≈≈≈≈....#
P≈≈...≈≈≈≈≈≈,*#§≈≈≈≈≈≈#.......P.#
≈≈.....≈≈≈≈≈,*#mm#§#.##≈.......P.
PP(....≈≈)≈≈,*##§C§)≈≈##.....P...
≈.......≈≈≈≈≈≈#§@#§#.##≈.....P...
PPPm....≈≈≈≈≈≈#§§§§...##.........
P.......[≈≈≈[≈##§#§#..#..........
P≈......≈≈≈S≈≈≈#######..≈≈≈......
≈≈.....≈≈§§≈≈≈≈≈##*,*#.≈≈≈≈.....P
≈≈≈#≈≈≈≈≈§§≈≈≈≈≈≈≈,.≈≈≈≈≈≈≈....P.
####≈≈≈§§§S§§≈≈≈≈≈≈≈≈≈≈≈≈≈..P.P?.
##≈##≈≈≈§§§§§≈≈≈.≈≈≈≈≈≈≈≈≈..P...≈
≈≈≈≈#≈≈≈§§§§≈≈≈≈≈≈≈≈≈≈≈≈≈.^....$.


You could see a frost giant, a merfolk impaler and a merfolk.

Vanquished Creatures
  A tentacled monstrosity (Depths:1)
  Gastronok (D:14)
  2 frost giants (Depths:1)
  Aizul (Elf:1)
  An orc warlord (Orc:2)
  5 very ugly things (Depths:1)
  A stone giant (Depths:1)
  3 spark wasps (Depths:1)
  Nessos (D:14)
  A minotaur (Lab)
  3 ettins
  5 merfolk javelineers
  Snorg (Orc:2)
  Josephine (Orc:1)
  4 fire dragons
  A yaktaur captain (Depths:1)
  5 merfolk impalers
  The ghost of ciphuk the Nimble, a journeyman KoHu of Dithmenos (D:13)
  5 vault guards
  6 hydras
  An ice dragon (Depths:1)
  2 merfolk avatars
  Harold (Orc:1)
  Erolcha (Orc:2)
  A spriggan air mage (Depths:1)
  23 two-headed ogres
  2 alligator snapping turtles
  5 centaur warriors
  7 dancing weapons (Elf:1)
  10 death yaks
  6 merfolk aquamancers
  A deep troll shaman (Depths:1)
  An orc high priest (Orc:2)
  6 ogre magi
  3 tengu warriors
  A vampire mage (Depths:1)
  6 deep elf knights (Elf:1)
  13 skeletal warriors
  Sonja (D:15)
  8 hell knights
  2 unseen horrors
  A wizard (Depths:1)
  9 sea snakes
  A death drake (shapeshifter) (Depths:1)
  A glowing orange brain (Depths:1)
  A deep elf archer (Elf:1)
  3 lindwurms
  2 necromancers (Depths:1)
  4 orc sorcerers
  21 harpies
  6 orc knights
  31 deep elf magi
  A faun (Shoals:2)
  34 ugly things
  14 manticores
  4 elephants (Lair:3)
  7 merfolk sirens
  7 cyclopes
  A torpor snail (shapeshifter) (D:14)
  4 black mambas
  6 torpor snails (Lair:6)
  9 water nymphs
  13 spiny frogs
  3 rime drakes
  9 komodo dragons
  2 kobold demonologists
  5 yaktaurs (Depths:1)
  2 freezing wraiths (Elf:1)
  A tengu conjurer (D:15)
  6 meliai
  A queen bee (D:14)
  11 trolls
  24 merfolk
  3 tyrant leeches (Lair:6)
  A harpy skeleton (D:15)
  5 wind drakes
  A meliai zombie (D:14)
  7 hornets (Lair:6)
  7 snapping turtles
  12 dream sheep
  A hippogriff (shapeshifter) (Depths:1)
  11 slime creatures
  4 blink frogs
  12 hippogriffs
  An air elemental (Elf:1)
  2 shadows (D:14)
  14 water elementals
  A human (shapeshifter) (D:15)
  36 yaks
  Sigmund (D:5)
  3 wyverns
  5 basilisks
  4 wraiths (Orc:1)
  4 hungry ghosts
  4 vampire mosquitoes (D:15)
  Grum (Lair:1)
  A steam dragon (Lair:4)
  6 wargs
  15 water moccasins
  6 nagas (Lair:4)
  2 acid dragons
  10 porcupines
  A black bear (D:9)
  28 orc warriors
  7 sky beasts
  2 swamp drakes (Lair:4)
  2 ice beasts
  5 phantoms
  18 ogres
  An eye of draining (shapeshifter) (Depths:1)
  3 boggarts (Depths:1)
  5 wolves
  17 crocodiles
  12 centaurs
  A big kobold (D:13)
  18 bullfrogs
  2 earth elementals (Elf:1)
  3 scorpions
  A water moccasin skeleton (D:8)
  15 killer bees
  3 wights (D:7)
  8 howler monkeys
  4 lava snakes (Lab)
  5 crimson imps
  3 bullfrog zombies
  6 hounds
  22 orc priests
  2 centaur zombies
  4 jellies
  3 centaur skeletons
  36 orc wizards
  Jessica (D:2)
  2 bullfrog skeletons
  2 iguanas
  5 worker ants
  2 hound zombies
  A hound skeleton (D:6)
  2 howler monkey zombies
  7 gnolls
  8 adders
  3 shadow imps
  2 oozes
  An adder skeleton (D:7)
  A worm (D:4)
  2 dart slugs
  8 leopard geckos
  84 orcs
  4 giant cockroaches
  9 hobgoblins
  26 jackals
  3 quokkas
  A ball python (D:1)
  11 bats
  2 frilled lizards
  5 goblins
  6 kobolds
  15 rats
  A bush (Lair:6)
1025 creatures vanquished.

Vanquished Creatures (others)
  An ettin (Depths:1)
  A deep elf mage (Elf:1)
  A dancing weapon (D:3)
  An orc wizard (Orc:2)
  An orc (Orc:2)
  8 fungi (D:9)
  14 plants
27 creatures vanquished.

Grand Total: 1052 creatures vanquished

Notes
Turn   | Place    | Note
-------+----------+-------------------------------------------
     0 | D:1      | Helio the Spriggan Enchanter began the quest for the Orb.
     0 | D:1      | Reached XP level 1. HP: 9/9 MP: 5/5
   450 | D:1      | Reached XP level 2. HP: 13/13 MP: 4/7
   467 | D:2      | Learned a level 2 spell: Ensorcelled Hibernation
  1429 | D:1      | Reached XP level 3. HP: 16/16 MP: 9/9
  1434 | D:1      | Learned a level 3 spell: Confuse
  1438 | D:1      | Learned a level 3 spell: Tukima's Dance
  2772 | D:2      | Noticed Jessica
  2799 | D:2      | Killed Jessica
  2799 | D:2      | Reached XP level 4. HP: 15/21 MP: 5/11
  2912 | D:2      | Reached skill level 5 in Hexes
  3021 | D:2      | Found a glowing silver altar of Zin.
  3667 | D:3      | Found a glowing golden altar of the Shining One.
  3927 | D:3      | Reached skill level 5 in Spellcasting
  3927 | D:3      | Reached XP level 5. HP: 12/24 MP: 5/13
  4503 | D:3      | Found a deep blue altar of Sif Muna.
  4900 | D:3      | Learned a level 3 spell: Dazzling Spray
  5431 | D:4      | Found a stormy altar of Qazlal.
  5432 | D:4      | Reached skill level 5 in Stealth
  5432 | D:4      | Reached XP level 6. HP: 28/28 MP: 15/15
  5570 | D:4      | Reached skill level 6 in Stealth
  5931 | D:4      | Reached skill level 7 in Stealth
  5967 | D:4      | Reached skill level 8 in Stealth
  5967 | D:4      | Reached XP level 7. HP: 32/32 MP: 16/16
  6028 | D:4      | Found a sparkling altar of Nemelex Xobeh.
  6046 | D:4      | Reached skill level 9 in Stealth
  6485 | D:5      | Entered Level 5 of the Dungeon
  6616 | D:5      | Noticed Sigmund
  6627 | D:5      | Reached skill level 10 in Stealth
  6645 | D:5      | Killed Sigmund
  6744 | D:5      | Reached skill level 11 in Stealth
  7238 | D:5      | Reached XP level 8. HP: 36/36 MP: 15/17
  7753 | D:6      | Reached skill level 12 in Stealth
  7755 | D:6      | Found a hazy altar of Hepliaklqana.
  8038 | D:6      | Reached skill level 13 in Stealth
  8490 | D:6      | Reached skill level 1 in Fighting
  8918 | D:6      | Found a staircase to the Ecumenical Temple.
  8928 | Temple   | Entered the Ecumenical Temple
  9039 | Temple   | Became a worshipper of Dithmenos the Shadowed
  9215 | D:6      | Reached XP level 9. HP: 41/41 MP: 19/19
  9917 | D:7      | Reached skill level 5 in Dodging
 10197 | D:7      | Reached skill level 14 in Stealth
 10265 | D:7      | Reached * piety under Dithmenos
 10415 | D:7      | Found a bloodstained altar of Trog.
 10923 | D:8      | Noticed a two-headed ogre
 10931 | D:8      | Killed a two-headed ogre
 11039 | D:8      | Reached XP level 10. HP: 49/49 MP: 22/22
 11367 | D:8      | Noticed an unseen horror
 11373 | D:8      | Killed an unseen horror
 11373 | D:8      | Reached skill level 5 in Short Blades
 11752 | D:9      | Noticed a deep elf mage
 11868 | D:9      | Noticed a two-headed ogre
 11878 | D:9      | Killed a two-headed ogre
 11957 | D:9      | Noticed a two-headed ogre
 11963 | D:9      | Killed a two-headed ogre
 11967 | D:9      | Reached ** piety under Dithmenos
 12743 | D:9      | Found a staircase to the Lair.
 12897 | D:9      | Killed a deep elf mage
 12897 | D:9      | Reached skill level 15 in Stealth
 13028 | D:10     | Entered Level 10 of the Dungeon
 13225 | D:10     | Noticed a two-headed ogre
 13231 | D:10     | Killed a two-headed ogre
 13231 | D:10     | Reached XP level 11. HP: 54/54 MP: 23/25
 13330 | D:10     | Noticed a two-headed ogre
 13353 | D:10     | Killed a two-headed ogre
 13779 | D:10     | Reached *** piety under Dithmenos
 14238 | D:11     | Noticed a skeletal warrior
 14241 | D:11     | Killed a skeletal warrior
 14242 | D:11     | Noticed a skeletal warrior
 14242 | D:11     | Noticed a skeletal warrior
 14242 | D:11     | Noticed a skeletal warrior
 14480 | D:11     | Reached skill level 5 in Fighting
 14597 | D:11     | Noticed a purple ugly thing
 14604 | D:11     | Killed a purple ugly thing
 14868 | D:11     | Killed a skeletal warrior
 15023 | D:11     | Found a staircase to the Orcish Mines.
 15035 | D:11     | Found a roughly hewn altar of Beogh.
 15089 | D:11     | Learned a level 6 spell: Invisibility
 15326 | D:11     | Killed a skeletal warrior
 15351 | D:11     | Killed a skeletal warrior
 15351 | D:11     | Reached skill level 10 in Dodging
 15351 | D:11     | Reached skill level 10 in Spellcasting
 15560 | D:11     | Reached skill level 16 in Stealth
 15560 | D:11     | Reached skill level 10 in Hexes
 15567 | D:12     | Noticed Gastronok
 15638 | D:12     | Found Danaofaydd's Food Shop.
 15662 | D:12     | Found Harrozo's Jewellery Emporium.
 15662 | D:12     | Noticed a cyan ugly thing
 15663 | D:12     | Noticed an unseen horror
 15672 | D:12     | Killed an unseen horror
 15677 | D:12     | Killed a cyan ugly thing
 15741 | D:12     | Found a labyrinth entrance.
 15748 | Lab      | Entered a labyrinth
 15893 | Lab      | Reached **** piety under Dithmenos
 16001 | Lab      | Noticed a minotaur
 16024 | Lab      | Killed a minotaur
 16024 | Lab      | Reached XP level 12. HP: 60/60 MP: 5/27
 16341 | Lab      | Identified Eptunuh's Guide on the Escort and Toxins
 16342 | Lab      | Got a faintly humming robe
 16342 | Lab      | Got a flickering tin amulet
 16386 | Lab      | Identified the amulet "Cyal" {Faith rElec} (You found it in a labyrinth)
 16401 | Lab      | Identified the +2 robe "Duoc" {Slay+4 Stlth+} (You found it in a labyrinth)
 16445 | D:12     | Noticed an eight-headed hydra
 16456 | D:12     | Killed an eight-headed hydra
 16969 | D:13     | Noticed an eight-headed hydra
 16974 | D:13     | Killed an eight-headed hydra
 17073 | D:13     | Noticed ciphuk's ghost (journeyman KoHu)
 17084 | D:13     | Killed ciphuk's ghost
 17381 | D:13     | Noticed a five-headed hydra
 17419 | D:13     | Killed a five-headed hydra
 17477 | D:13     | Noticed a centaur warrior
 17484 | D:13     | Killed a centaur warrior
 17755 | D:13     | Noticed a centaur warrior
 17773 | D:13     | Killed a centaur warrior
 18006 | D:13     | Reached skill level 17 in Stealth
 18009 | D:13     | Reached XP level 13. HP: 66/66 MP: 24/29
 18043 | D:13     | Reached ***** piety under Dithmenos
 18654 | D:14     | Identified a scroll of acquirement
 18659 | D:14     | Got a brightly glowing quick blade
 18660 | D:14     | Identified the +6 quick blade of Eternal Harmony {freeze, rF+ Int+2 Stlth+} (You acquired it on level 14 of the Dungeon)
 18798 | D:14     | Noticed Nessos
 18802 | D:14     | Killed Nessos
 18947 | D:14     | Found a gate to the Vaults.
 19244 | D:14     | You fall through a shaft!
 19244 | D:15     | Entered Level 15 of the Dungeon
 19293 | D:15     | Found Bejo Leo's Weapon Boutique.
 19364 | D:14     | Killed Gastronok
 19364 | D:14     | Reached skill level 10 in Short Blades
 19712 | D:14     | Reached skill level 18 in Stealth
 19889 | D:14     | Reached XP level 14. HP: 72/72 MP: 24/31
 20200 | Orc:1    | Entered Level 1 of the Orcish Mines
 20262 | Orc:1    | Noticed Harold
 20277 | Orc:1    | Killed Harold
 20516 | Orc:1    | Found Makistru's Food Boutique.
 20521 | Orc:1    | Noticed Josephine
 20524 | Orc:1    | Killed Josephine
 20831 | Orc:2    | Entered Level 2 of the Orcish Mines
 20831 | Orc:2    | Noticed Erolcha
 20833 | Orc:2    | Noticed Snorg
 20867 | Orc:2    | Killed Snorg
 20893 | Orc:2    | Killed Erolcha
 20926 | Orc:2    | Found a roughly hewn altar of Beogh.
 20927 | Orc:2    | Noticed an orc warlord
 21196 | Lair:1   | Entered Level 1 of the Lair of Beasts
 21268 | Lair:1   | Noticed Grum
 21305 | Lair:1   | Killed Grum
 21999 | Lair:2   | Reached skill level 1 in Evocations
 22791 | Lair:3   | Found a staircase to the Shoals.
 23021 | Lair:3   | Reached ****** piety under Dithmenos
 23431 | Lair:4   | Found a staircase to the Snake Pit.
 23760 | Lair:4   | Found the +9 scales of the Dragon King {rPois rF+ rC+ MR+}
 23775 | Lair:4   | Reached skill level 5 in Evocations
 24897 | Lair:5   | Gained mutation: You have large cloven feet. [potion of mutation]
 24897 | Lair:5   | Gained mutation: Your muscles are strong. (Str +2) [potion of mutation]
 24897 | Lair:5   | Lost mutation: Your muscles are strong. (Str +2) [potion of mutation]
 24897 | Lair:5   | Gained mutation: Your spells are a little harder to cast, but a little more powerful. [potion of mutation]
 24898 | Lair:5   | Lost mutation: Your spells are a little harder to cast, but a little more powerful. [potion of mutation]
 24898 | Lair:5   | Lost mutation: You have large cloven feet. [potion of mutation]
 24898 | Lair:5   | Gained mutation: You are frail. (-10% HP) [potion of mutation]
 24898 | Lair:5   | Gained mutation: You tend to lose your temper in combat. [potion of mutation]
 24898 | Lair:5   | Gained mutation: You have sharp fingernails. [potion of mutation]
 24899 | Lair:5   | Lost mutation: You are frail. (-10% HP) [potion of mutation]
 24899 | Lair:5   | Lost mutation: You tend to lose your temper in combat. [potion of mutation]
 24899 | Lair:5   | Gained mutation: You are partially covered in large bone plates. (SH +4) [potion of mutation]
 24899 | Lair:5   | Gained mutation: You can translocate small distances at will. [potion of mutation]
 24899 | Lair:5   | Gained mutation: You are partially covered in thin metallic scales. (AC +2) [potion of mutation]
 24908 | Lair:5   | Found a staircase to the Slime Pits.
 24968 | Lair:5   | Reached XP level 15. HP: 78/78 MP: 24/33
 26093 | Lair:6   | Entered Level 6 of the Lair of Beasts
 26551 | Lair:6   | Found a runed door.
 26601 | Lair:6   | Reached skill level 19 in Stealth
 28208 | Orc:2    | Found Uduqup's General Store.
 28879 | Orc:2    | Found Enaneerch's Weapon Shoppe.
 29023 | Orc:2    | Found Heczoqas's Antique Weapon Shop.
 29086 | Orc:2    | Found a staircase to the Elven Halls.
 29116 | Orc:2    | Found Tuef's Weapon Shop.
 29447 | Orc:2    | Found Ceekemp's Antique Armour Shop.
 29921 | Orc:2    | Found Oziuxa's Antique Weapon Shop.
 29947 | Orc:2    | Killed an orc warlord
 29949 | Orc:2    | Found Galehuat's General Store.
 29954 | Orc:2    | Found Gubev's Book Shop.
 29972 | Orc:2    | Reached skill level 10 in Evocations
 30050 | Orc:2    | Bought an ominously black robe for 159 gold pieces
 30137 | Orc:2    | Found Pecuoguwagi's Assorted Antiques.
 30143 | Orc:2    | Bought a scroll of identify for 82 gold pieces
 30143 | Orc:2    | Identified the cursed +0 robe "Xaps" {Str+5} (You bought it in a shop on level 2 of the Orcish Mines)
 30347 | Orc:2    | Bought an ichor-stained troll leather armour for 820 gold pieces
 30347 | Orc:2    | Identified the +1 troll leather armour of Untold Secrets {rC- Regen+ Str+6 Int+3} (You bought it in a shop on level 2 of the Orcish Mines)
 30401 | Elf:1    | Entered Level 1 of the Elven Halls
 30494 | Elf:1    | Found a flickering gateway to a bazaar.
 30510 | Bazaar   | Entered a bazaar
 30859 | Bazaar   | Found Buer Sufry's Weapon Shoppe.
 30864 | Bazaar   | Found Agapnuv's Distillery.
 30874 | Bazaar   | Found Qopadoats's Armour Shop.
 30879 | Bazaar   | Found Sacwiaxuu's Assorted Antiques.
 30915 | Bazaar   | Found Oceroosu's Magic Scroll Shoppe.
 30923 | Bazaar   | Bought a scroll of enchant armour for 67 gold pieces
 30923 | Bazaar   | Bought a scroll of identify for 18 gold pieces
 30923 | Bazaar   | Bought a scroll of blinking for 67 gold pieces
 30923 | Bazaar   | Bought a scroll of enchant weapon for 67 gold pieces
 30959 | Bazaar   | Bought a potion of curing for 27 gold pieces
 30959 | Bazaar   | Bought a potion of curing for 27 gold pieces
 30959 | Bazaar   | Bought a potion of ambrosia for 72 gold pieces
 30959 | Bazaar   | Bought a potion of mutation for 72 gold pieces
 30981 | Bazaar   | Bought a potion of heal wounds for 95 gold pieces
 31418 | Elf:1    | Reached skill level 15 in Dodging
 31946 | Elf:1    | Reached XP level 16. HP: 85/85 MP: 34/34
 32463 | Elf:1    | Found the ring of the Octopus King
 32476 | Elf:1    | Identified a ring of the Octopus King {rN+ AC+1 EV+1 Str+1 Int+1 Dex+1} (You found it on level 1 of the Elven Halls)
 32685 | Elf:1    | Noticed Aizul
 32687 | Elf:1    | Killed Aizul
 32712 | Elf:1    | Reached skill level 10 in Fighting
 33761 | D:15     | Noticed Sonja
 33772 | D:15     | Killed Sonja
 34588 | D:15     | Reached skill level 20 in Stealth
 34591 | D:15     | Found a portal to a secret trove of treasure.
 34657 | D:15     | Found a staircase to the Depths.
 35025 | Depths:1 | Entered Level 1 of the Depths
 35898 | Depths:1 | Found a one-way gate to the infinite horrors of the Abyss.
 36050 | Depths:1 | Reached XP level 17. HP: 63/90 MP: 20/36
 36642 | Depths:1 | HP: 2/90 [frost giant/battleaxe of freezing (4)]
 36650 | Depths:1 | Reached skill level 15 in Hexes
 36884 | Depths:1 | Found a gateway to Hell.
 37248 | Depths:1 | Found a burning altar of Makhleb.
 37810 | Depths:1 | Found a runed door.
 37813 | Depths:1 | Noticed a tentacled monstrosity
 37830 | Depths:1 | Reached skill level 15 in Spellcasting
 38230 | Depths:1 | Killed a tentacled monstrosity
 38641 | D:15     | Learned a level 5 spell: Silence
 38648 | D:15     | Learned a level 6 spell: Deflect Missiles
 38943 | Shoals:1 | Entered Level 1 of the Shoals
 39551 | Shoals:1 | Reached skill level 1 in Charms
 39661 | Shoals:1 | Found Kogitenk's Antique Armour Boutique.
 39822 | Shoals:2 | Reached skill level 1 in Air Magic
 39823 | Shoals:2 | Reached skill level 21 in Stealth
 41512 | Shoals:3 | Reached XP level 18. HP: 96/96 MP: 38/38
 42237 | Shoals:4 | Entered Level 4 of the Shoals
 42491 | Shoals:4 | Found the +8 trident of the Octopus King {venom, rElec rPois MR+}
 42564 | Shoals:4 | Noticed Ilsuiw
 43395 | Shoals:4 | Reached skill level 5 in Charms
 43646 | Shoals:4 | Killed from afar by a frost giant

Vault maps used:
D:1:      lightli_arrival_statue_moat, minmay_splitting_lines, minmay_surrounded
D:2:      zin_statuary, first_bread, uniq_jessica
D:3:      nicolae_overflow_hidden_temple, led_sif_pool, serial_bayou,
          serial_bayou_shore_b, serial_bayou_pond_e, serial_bayou_lagoon_a,
          serial_bayou_shore_b
D:4:      kennysheep_mini, nicolae_qazlal_eye_of_the_storm
D:5:      serial_glass, glass_columns_b, glass_columns_a, glass_columns_c,
          glass_columns_a, feat_on_display, roderic_roman_lattice,
          minmay_door_square, uniq_sigmund
D:6:      nicolae_overflow_crystal_walls, temple_hall, kennysheep_nondescript,
          dk_vineyard_2, minmay_a_box_with_orc_wizards_in_it
D:7:      bloody_trog
D:9:      grunt_lair_entry_orc_guard_hut
D:10:     serial_bayou_crossing
D:11:     minmay_orc_entry_temple_small
D:12:     lab_entry_generic, serial_shops, shop, shop, uniq_gastronok
D:14:     lightli_vaults_fourway_checkpoint, infiniplex_staircase_diamond,
          david_nohive_1, grunt_ministairs_1, uniq_nessos
D:15:     hangedman_depths_entry_civil_slaughter, minmay_misc_feat_roman,
          enter_trove_5, serial_shops, nicolae_shop_waterfront, uniq_sonja
Temple:   regret_index_temple_generic_petals
Lair:1:   grunt_megastairs_2, serial_bayou_shore_a, serial_bayou_shore_b,
          uniq_grum
Lair:3:   elwin_shoals_entry_rooms, grunt_megastairs_1
Lair:4:   minmay_snake_entry_guardpost_medium, guppyfry_lair_drakes
Lair:5:   beast_lair_carwin_large_3, nicolae_slime_entry_slimehenge
Lair:6:   wormcave, wad_woods_06
Shoals:1: serial_shops, nicolae_shop_crystal
Shoals:4: shoals_end_grunt_ice, shoals_ilsuiw_alternative
Orc:1:    serial_shops, shop, uniq_harold, uniq_josephine
Orc:2:    grunt_orc_cross, serial_shops, shop, nicolae_shop_waterfront,
          nicolae_shop_stone, nicolae_shop_overgrown_old_shop, shop, uniq_snorg,
          uniq_erolcha
Elf:1:    eino_elf_arrival_the_gate, serial_shops, freezing_bzr,
          portal_ice_cave_entry_frozen_things,
          hangedman_elven_crosses_minicolossus, hangedman_elf_targetted_burst,
          wad_floor_pattern_untrapped, uniq_aizul
Depths:1: abyss_entry_glasseish, pf_vacation_house_of_asmodeus,
          kennysheep_flooded_box, st_stairs_7, minmay_hidden_floor
Lab:      labyrinth_mini_lab, lab_fountain, nicolae_lab_arrow,
          nicolae_lab_diamond, labyrinth_lava_lair, nicolae_lab_starburst,
          labyrinth_glass_1
Bazaar:   bazaar_kb_twisted_cavern

Skill      XL: |  1  2  3  4  5  6  7  8  9 10 11 12 13 14 15 16 17 18 |
---------------+-------------------------------------------------------+-----
Spellcasting   | 3 4 5 6 7 9 10 11 12 13 14 15 | 15.8
Hexes          | 4 5 6 7 8 10 11 12 13 14 15 16 | 16.1
Stealth        | 5 8 11 13 14 15 16 17 18 19 20 21 | 21.4
Fighting       | 1 3 4 5 6 7 8 9 10 11 | 11.5
Short Blades   | 2 4 6 7 9 10 11 12 13 14 | 14.1
Dodging        | 4 6 8 10 11 13 14 15 16 17 | 17.7
Evocations     | 6 10 12 | 12.0
Charms         | 2 5 |  5.2
Air Magic      | 2 3 |  3.0

Action                   |  1- 3 |  4- 6 |  7- 9 | 10-12 | 13-15 | 16-18 || total
-------------------------+-------+-------+-------+-------+-------+-------++-------
Melee: Dagger            |   161 |   123 |   269 |   426 |    45 |       ||  1024
       Quick blade       |       |       |       |       |  1192 |  1045 ||  2237
 Cast: Corona            |    12 |     2 |       |       |       |       ||    14
       Ensorcelled Hiber |    24 |    47 |     9 |    44 |    12 |    28 ||   164
       Confuse           |     2 |     6 |    42 |    45 |    36 |    35 ||   166
       Tukima's Dance    |       |     2 |       |     2 |       |       ||     4
       Dazzling Spray    |       |       |    11 |     4 |    31 |    53 ||    99
       Invisibility      |       |       |       |     6 |    20 |    29 ||    55
Invok: Shadow Step       |       |       |       |       |     3 |     1 ||     4
Evoke: Wand              |       |       |       |       |       |     3 ||     3
  Use: Scroll            |       |     8 |    12 |    12 |    13 |    13 ||    58
       Potion            |       |     2 |       |     3 |     9 |     7 ||    21
 Stab: Sleeping          |    25 |    31 |    31 |    69 |   124 |    98 ||   378
       Confused          |     1 |     3 |    21 |    28 |    21 |    21 ||    95
       Invisible         |       |       |     6 |    19 |   126 |   117 ||   268
       Distracted        |       |       |     1 |     3 |    12 |     9 ||    25
  Eat: Fruit             |     1 |       |     7 |     6 |    15 |       ||    29
       Royal jelly       |       |     1 |       |     1 |     2 |    10 ||    14
       Bread ration      |       |     1 |       |       |       |       ||     1
Armor: Robe              |    18 |    11 |    35 |    19 |    38 |    28 ||   149
Dodge: Dodged            |   160 |    98 |   185 |   248 |   499 |   521 ||  1711
Block: Other             |       |       |       |       |    26 |    62 ||    88
